AoeStats
← Victor Kenny

African Clearing

510487435Analyzed
4v4 RM · 23h ago on Oct 1, 2026· 34m 24s· 8 players
Game mode
Random Map
Map size
Large (8 player)
Population
200
Speed
Normal
Resources
Standard
Victory
Conquest
Starting age
Dark Age
Ending age
Imperial Age
RankedLock teamsTeams togetherTeam positionsShared explorationLock speedFull tech treeHidden civsTurbo modeCheats
Victory
Defeat
🇨🇳 Mongols · China
1614
+14
🇳🇿 Varangians · New Zealand
1564
+16
🇦🇺 Goths · Australia
1561
+16
🇦🇺 Khmer · Australia
1438
+20
🇭🇰 Magyars · Hong Kong SAR China
1630
-20
🇹🇼 Portuguese · Taiwan
1545
-16
🇭🇰 Chinese · Hong Kong SAR China
1528
-15
🇭🇰 Mongols · Hong Kong SAR China
1528
-15
頭鐵投石機
3:19 Loom
13:39 Feudal Age
15:12 Arson
15:47 Man-at-Arms
21:54 Fletching
23:30 Horse Collar
24:16 Scale Mail Armor
25:51 Forging
28:49 Wheelbarrow
33:59 Double-Bit Axe
Sakmelo
11:20 Feudal Age
10:10 Loom
13:03 Double-Bit Axe
27:50 Castle Age
28:13 Scale Barding Armor
28:19 Bloodlines
28:55 Bow Saw
31:32 Chain Barding Armor
Victor Kenny
9:20 Loom
11:25 Feudal Age
11:54 Loom
12:18 Double-Bit Axe
17:22 Scale Barding Armor
24:29 Castle Age
23:47 Fletching
26:43 Bodkin Arrow
29:02 Wheelbarrow
30:23 Bow Saw
34:21 Ballistics
34:14 Padded Archer Armor
Harry Peter
2:52 Loom
12:40 Feudal Age
14:44 Double-Bit Axe
17:20 Castle Age
16:22 Fletching
16:46 Gold Mining
18:19 Bow Saw
19:41 Bodkin Arrow
19:48 Padded Archer Armor
25:26 Wheelbarrow
25:56 Town Watch
26:33 Ballistics
26:59 Husbandry
29:11 Scale Barding Armor
30:05 Leather Archer Armor
31:23 Bloodlines
31:35 Hand Cart
32:18 Chain Barding Armor
35:18 Imperial Age
33:34 Horse Collar
ImprovingYeti
4:52 Loom
11:51 Feudal Age
13:52 Bloodlines
15:51 Scale Barding Armor
15:57 Forging
19:31 Double-Bit Axe
22:09 Loom
25:31 Castle Age
25:33 Light Cavalry
26:40 Chain Barding Armor
30:18 Husbandry
Jeremy V
9:41 Loom
11:44 Feudal Age
12:32 Double-Bit Axe
18:46 Forging
19:25 Horse Collar
20:18 Fletching
27:23 Castle Age
Tim
3:59 Loom
12:35 Feudal Age
13:23 Double-Bit Axe
16:02 Forging
17:23 Horse Collar
21:23 Gold Mining
24:16 Castle Age
23:26 Scale Barding Armor
25:16 Chain Barding Armor
29:58 Iron Casting
29:49 Bloodlines
30:47 Fletching
31:06 Elite Skirmisher
33:24 Bodkin Arrow
33:30 Padded Archer Armor
34:18 Stone Mining
35:03 Gold Shaft Mining
牛比无极限
9:41 Loom
13:39 Feudal Age
14:47 Double-Bit Axe
16:17 Wheelbarrow
15:43 Fishing Lines
15:51 Fishing Lines
23:20 Castle Age
27:09 Bow Saw
26:42 Horse Collar
27:50 Heavy Plow
28:13 Bloodlines
29:31 Ballistics
30:46 Fletching
32:09 Hand Cart
Connection lost

Rejoining the realm…

Still unreachable

The connection could not be restored.

Session expired

The server has moved on; the page needs a fresh start.